 Dungeon Crawl Stone Soup version 0.23.0-3-gf3c87f2 (webtiles) character file.

Game seed: 12139595413049040152

159 Borgoz the Sneak (level 5, 0/29 HPs)
             Began as a Gargoyle Enchanter on Feb 23, 2019.
             Slain by Grinder (1 damage)
             ... while paralysed by Grinder
             ... on level 3 of the Dungeon.
             The game lasted 00:03:30 (1945 turns).

Borgoz the Sneak (Gargoyle Enchanter)               Turns: 1945, Time: 00:03:31

Health: 0/29       AC:  7    Str: 12    XL:     5   Next: 40%
Magic:  8/8        EV:  2    Int: 15    God:
Gold:   99         SH:  0    Dex: 11    Spells: 5/8 levels left

rFire    . . .     SeeInvis .   l - +1 short sword (venom)
rCold    . . .     Gourm    .   (no shield)
rNeg     + . .     Faith    .   b - +0 robe
rPois    ∞         Spirit   .   e - +1 hat
rElec    +         Reflect  .   (no cloak)
rCorr    .         Harm     .   (no gloves)
MR       .....                  (no boots)
Stlth    ++........             (no amulet)
HPRegen  0.09/turn              (no ring)
MPRegen  0.11/turn              (no ring)

@: paralysed
A: negative energy resistance 1, electricity resistance, unbreathing,
petrification resistance, rot immunity, AC +4
a: no special abilities


You were on level 3 of the Dungeon.
You were hungry.

You visited 1 branch of the dungeon, and saw 3 of its levels.

You collected 99 gold pieces.

Inventory:

Hand Weapons
 l - a +1 short sword of venom (weapon)
Armour
 b - a +0 robe (worn)
 e - a +1 hat (worn)
Jewellery
 k - an uncursed ring of resist corrosion {unknown}
Scrolls
 f - 3 scrolls of blinking {unknown}
 g - a scroll of noise {unknown}
 h - a scroll of enchant weapon {unknown}
 j - a scroll of magic mapping {unknown}
Potions
 c - a potion of agility {unknown}
 i - 2 potions of curing
Comestibles
 a - a chunk of flesh
 d - 6 rations


   Skills:
 + Level 1.3 Fighting
 * Level 2.1 Short Blades
 + Level 1.0 Throwing
 + Level 1.3 Armour
 * Level 2.3 Dodging
 + Level 3.9 Stealth
 + Level 2.4 Spellcasting
 + Level 3.0 Hexes


You had 5 spell levels left.
You knew the following spells:

 Your Spells              Type           Power        Failure   Level  Hunger
a - Corona                Hex            ##.....      6%          1    #......
b - Ensorcelled Hibernat  Hex/Ice        #.....       17%         2    ###....

Your spell library contained the following spells:

 Spells                   Type           Power        Failure   Level  Hunger
 Confuse                  Hex            ##......     19%         3    ###....
 Tukima's Dance           Hex            ##......     19%         3    ###....
 Dazzling Spray           Conj/Hex       #.....       34%         3    ###....


Dungeon Overview and Level Annotations

Branches:
Dungeon (3/15)

Altars:
Qazlal
Ru

Annotations:
D:3 Grinder


Innate Abilities, Weirdness & Mutations

You are resistant to torment.
Your stone body is resilient. (AC +4)
You are immune to poison.
You resist negative energy. (rN+)
You are resistant to electric shocks. (rElec)
You can survive without breathing.
You are immune to petrification.
You are immune to rotting.


Message History

The centaur hits you but does no damage.
The centaur drinks a potion.
The centaur is healed!
The centaur looks more healthy.
You hit the centaur but do no damage.
The centaur is lightly wounded.
The centaur hits you but does no damage.
Grinder gestures at you.
You suddenly lose the ability to move!
The centaur hits you but does no damage. x4
The centaur hits you!
The centaur hits you but does no damage.
Grinder hits you but does no damage.
The centaur hits you but does no damage.
Grinder hits you.
You writhe in agony.
The centaur hits you.
* * * LOW HITPOINT WARNING * * *
The centaur hits you but does no damage.
Grinder hits you.
* * * LOW HITPOINT WARNING * * *
You writhe in agony.
You die...

#................!.
#..................
#..................
.........#.........
.########.....#÷....))..
........#.....#.....[...
........#.....#.........
......c.##....#......÷..
......5@..>.............
........##..............
....#########...........
... .....######## .
####.# #..# ##.#


You could see Grinder and a centaur.

Vanquished Creatures
  2 orc wizards (D:3)
  4 adders (D:2)
  2 oozes
  A worm (D:2)
  2 dart slugs (D:1)
  2 leopard geckos
  3 orcs (D:3)
  3 giant cockroaches
  6 goblins
  6 hobgoblins
  2 jackals (D:1)
  A quokka (D:2)
  6 bats
  A frilled lizard (D:1)
  3 kobolds
  7 rats
51 creatures vanquished.

Vanquished Creatures (others)
  A kobold (D:1)
1 creature vanquished.

Grand Total: 52 creatures vanquished

Notes
Turn   | Place    | Note
-------+----------+-------------------------------------------
     0 | D:1      | Borgoz the Gargoyle Enchanter began the quest for the Orb.
     0 | D:1      | Reached XP level 1. HP: 10/10 MP: 3/3
    45 | D:1      | Reached skill level 1 in Short Blades
   166 | D:1      | Reached XP level 2. HP: 15/15 MP: 5/5
   641 | D:1      | Reached XP level 3. HP: 18/20 MP: 6/6
   726 | D:2      | HP: 1/20 [adder (4)]
   735 | D:2      | Learned a level 2 spell: Ensorcelled Hibernation
   952 | D:2      | Reached skill level 1 in Armour
   959 | D:2      | Found a stormy altar of Qazlal.
  1134 | D:2      | Reached XP level 4. HP: 24/24 MP: 7/7
  1347 | D:2      | Reached skill level 1 in Fighting
  1631 | D:3      | Found a sacrificial altar of Ru.
  1666 | D:3      | Reached skill level 1 in Throwing
  1666 | D:3      | Reached XP level 5. HP: 27/29 MP: 8/8
  1680 | D:3      | Noticed a centaur
  1934 | D:3      | Noticed Grinder
  1939 | D:3      | Paralysed by Grinder for 7 turns
  1945 | D:3      | HP: 1/29 [Grinder (4)]
  1945 | D:3      | Slain by Grinder

Skill      XL: |  1  2  3  4 |
---------------+-------------+-----
Short Blades   | 1 2 |  2.1
Dodging        | 2 |  2.3
Armour         | 1 |  1.3
Fighting       | 1 |  1.3
Throwing       | 1 |  1.0
Hexes          | 3 |  3.0
Stealth        | |  3.9
Spellcasting   | |  2.4

Action                   |  1- 3 |  4- 6 || total
-------------------------+-------+-------++-------
Melee: Dagger            |   120 |       ||   120
       Short sword       |     1 |    75 ||    76
 Cast: Corona            |     2 |       ||     2
  Use: Scroll            |     2 |       ||     2
       Potion            |     1 |       ||     1
 Stab: Sleeping          |     6 |     5 ||    11
  Eat: Chunk             |     1 |     2 ||     3
Armor: Robe              |    39 |    35 ||    74
Dodge: Dodged            |    77 |    40 ||   117
